AoeStats
← Ateir

Arena

510549203Analyzed
2v2 RM · 2d ago on Oct 1, 2026· 42m 30s· 4 players
Game mode
Random Map
Map size
Medium (4 player)
Population
200
Speed
Normal
Resources
Standard
Victory
Conquest
Starting age
Dark Age
Ending age
Imperial Age
RankedLock teamsTeams togetherTeam positionsShared explorationLock speedFull tech treeHidden civsTurbo modeCheats
Victory
Defeat
🇷🇺 Britons · Russia
868
+18
865
+18
🇳🇴 Danes · Norway
988
-20
🇳🇴 Khmer · Norway
850
-16
мясная бимба
12:21 Feudal Age
13:05 Loom
13:42 Horse Collar
17:22 Castle Age
15:23 Double-Bit Axe
18:59 Heavy Plow
20:09 Arson
20:49 Bow Saw
30:27 Imperial Age
28:29 Caravan
32:35 Chemistry
31:56 Ballistics
32:21 Elite Hussite Wagon
33:41 Houfnice
WhiteRaven
9:34 Feudal Age
10:05 Horse Collar
10:12 Double-Bit Axe
15:11 Loom
18:57 Castle Age
17:40 Gold Mining
18:08 Fletching
19:54 Wheelbarrow
20:00 Bow Saw
19:51 Heavy Plow
21:35 Crossbowman
22:14 Bodkin Arrow
26:13 Gold Shaft Mining
25:32 Stone Mining
27:40 Hand Cart
30:08 Ballistics
29:32 Treadmill Crane
29:48 Murder Holes
30:29 Town Watch
34:36 Imperial Age
35:02 Arbalester
35:49 Bracer
36:54 Chemistry
37:56 Conscription
37:57 Yeomen
39:11 Padded Archer Armor
40:00 Warwolf
40:08 Husbandry
41:39 Warwolf
Ateir
13:02 Feudal Age
15:50 Gold Mining
15:42 Horse Collar
15:50 Double-Bit Axe
17:04 Wheelbarrow
21:14 Castle Age
19:14 Loom
21:39 Stone Mining
22:25 Hand Cart
23:01 Stone Shaft Mining
23:05 Gold Shaft Mining
22:32 Heavy Plow
22:50 Bow Saw
22:40 Elite Skirmisher
29:20 Crossbowman
31:35 Padded Archer Armor
31:26 Fletching
32:15 Forging
32:08 Scale Mail Armor
33:47 Tusk Swords
40:09 Husbandry
40:50 Light Cavalry
41:43 Scale Barding Armor
SalatNOR
7:11 Loom
9:24 Feudal Age
11:22 Feudal Age
15:07 Castle Age
14:41 Stone Mining
15:17 Fletching
15:43 Forging
15:33 Scale Mail Armor
15:21 Arson
16:11 Horse Collar
21:30 Double-Bit Axe
23:37 Bow Saw
24:14 Squires
25:08 Heavy Plow
27:08 Chain Mail Armor
28:27 Iron Casting
27:47 Gambesons
30:23 Wheelbarrow
30:32 Gold Mining
32:38 Fletching
33:08 Hand Cart
36:53 Imperial Age
34:21 Town Watch
36:02 Scale Barding Armor
35:55 Light Cavalry
36:46 Bloodlines
36:37 Husbandry
37:12 Chain Barding Armor
38:41 Blast Furnace
38:48 Plate Barding Armor
41:23 Bodkin Arrow
Connection lost

Rejoining the realm…

Still unreachable

The connection could not be restored.

Session expired

The server has moved on; the page needs a fresh start.